 Dungeon Crawl Stone Soup version 0.20.1-1-g8b1a95d (webtiles) character file.

126 Murloc the Conjurer (level 4, 0/24 HPs)
             Began as a Deep Elf Conjurer on Aug 30, 2017.
             Succumbed to an adder's poison
             ... on level 2 of the Dungeon.
             The game lasted 00:09:59 (2361 turns).

Murloc the Conjurer (Deep Elf Conjurer)             Turns: 2361, Time: 00:09:59

Health: 0/24       AC:  5    Str: 12      XL:     4   Next: 84%
Magic:  4/12       EV: 13    Int: 20 (21) God:
Gold:   136        SH:  0    Dex: 15      Spells: 1/11 levels left

rFire    . . .     SeeInvis .   d - +1 dagger (flame)
rCold    . . .     Gourm    .   (no shield)
rNeg     . . .     Faith    .   a - +0 robe
rPois    .         Spirit   .   (no helmet)
rElec    +         Reflect  .   l - +0 cloak
rCorr    .         Harm     .   (no gloves)
MR       .....     Rnd*Rage +   (no boots)
Stlth    ++........             (no amulet)
Regen    0.1/turn               p - +5 ring of strength
MPRegen  0.2/turn               (no ring)

@: lethally poisoned (0 -> -4), very slightly contaminated
A: molten scales 1, berserk 1, electricity resistance, strong 1
a: no special abilities


You were on level 2 of the Dungeon.
You were not hungry.

You visited 1 branch of the dungeon, and saw 3 of its levels.

You collected 136 gold pieces.

Inventory:

Hand Weapons
 d - a +1 dagger of flaming (weapon)
Armour
 a - a +0 robe (worn)
 l - a +0 cloak (worn)
Jewellery
 p - a +5 ring of strength (left hand)
Scrolls
 e - 3 scrolls of identify
 f - a scroll of noise
 h - a scroll of remove curse
 k - a scroll of fog
Potions
 m - a potion of invisibility
Books
 b - a book of Conjurations

   Spells                             Type                      Level
   a - Magic Dart                     Conjuration                  1
   b - Searing Ray                    Conjuration                  2
   c - Dazzling Spray                 Conjuration/Hexes            3
   d - Fulminant Prism                Conjuration/Hexes            4
   e - Force Lance                    Conjuration/Translocation    4
   f - Iskenderun's Mystic Blast      Conjuration                  4
Comestibles
 c - a bread ration
 i - a meat ration
 n - 2 fruits


   Skills:
 + Level 2.7 Dodging
 + Level 2.8 Stealth
 + Level 4.1 Spellcasting
 + Level 6.1 Conjurations


You had one spell level left.
You knew the following spells:

 Your Spells              Type           Power        Failure   Level  Hunger
a - Magic Dart            Conj           ####         1%          1    None
d - Dazzling Spray        Conj/Hex       ###...       11%         3    ###....
s - Searing Ray           Conj           ####..       1%          2    #......
w - Iskenderun's Mystic   Conj           ####....     10%         4    ####...


Dungeon Overview and Level Annotations

Branches:
Dungeon (3/15)

Altars:
Uskayaw

Annotations:
D:3 Grinder, Terence


Innate Abilities, Weirdness & Mutations

You are partially covered in molten scales. (AC +2)
You tend to lose your temper in combat.
You are resistant to electric shocks. (rElec)
Your muscles are strong. (Str +2)


Message History

You feel extremely strange.
Your thinking seems confused.
You feel healthier.
You feel agile.
You feel insulated.
You feel resistant to hostile enchantments.
You feel more resistant to hostile enchantments.
* * * LOW HITPOINT WARNING * * *
You feel sick.
Okay, then.
You feel extremely strange.
You feel clumsy.
You feel less resistant to hostile enchantments. x2
Molten scales grow over part of your body.
You feel a little pissed off.
You feel stronger.
Sorry, you're not good enough to have a special ability.
Unknown command.
* * * LOW HITPOINT WARNING * * *
You feel sick.
* * * LOW HITPOINT WARNING * * *
You feel sick.
You die...

..#....#.#..).#......##.♣♣.♣♣♣.♣♣
################.....##.♣♣♣...♣.♣
##.###...###.##.....###.♣♣♣♣♣♣.♣
##.#.#.###...#.#.#....#......♣...
..###.########.#.#..#.##.♣.♣....#
### ##.##..##.##.#....##......###
##..###.###......###.#####
###########.####.#.........#
..............##@#.#...###.##
≈≈≈≈≈≈≈≈≈≈≈≈≈≈≈#.#.#....##..#
≈≈≈≈≈≈≈≈≈≈≈≈≈≈≈#...#.....##.#
.............)##...#####..#.#
################.....####.#.#
##.8###[8###[8##...#....#.#.#
..†...........##...####.#.#^#
#############.##...# #.#.#.#
#(........# #.#.#.#


There were no monsters in sight!

Vanquished Creatures
  An orc priest (D:3)
  2 adders
  2 oozes
  A worm (D:2)
  2 dart slugs
  A leopard gecko (D:2)
  2 orcs (D:3)
  11 goblins
  6 hobgoblins
  7 jackals
  3 kobolds
  9 bats
  6 frilled lizards
  5 rats
58 creatures vanquished.

Notes
Turn   | Place    | Note
-------+----------+-------------------------------------------
     0 | D:1      | Murloc the Deep Elf Conjurer began the quest for the Orb.
     0 | D:1      | Reached XP level 1. HP: 10/10 MP: 6/6
   181 | D:1      | Reached XP level 2. HP: 15/15 MP: 2/8
   234 | D:1      | Learned a level 2 spell: Searing Ray
   277 | D:1      | Reached skill level 5 in Conjurations
   526 | D:1      | Reached XP level 3. HP: 19/19 MP: 7/9
   531 | D:1      | Learned a level 3 spell: Dazzling Spray
  1021 | D:2      | Noticed a dagger
  1022 | D:2      | Found a hide-covered altar of Uskayaw.
  1022 | D:2      | Noticed a hand axe
  1197 | D:2      | Gained mutation: Your body sometimes deteriorates upon taking damage. [potion of mutation]
  1197 | D:2      | Gained mutation: You possess an exceptional clarity of mind. [potion of mutation]
  1423 | D:2      | Found a faded altar of an unknown god.
  1485 | D:2      | Reached XP level 4. HP: 24/24 MP: 8/11
  1493 | D:2      | Learned a level 4 spell: Iskenderun's Mystic Blast
  2310 | D:3      | Noticed Grinder
  2310 | D:3      | Reached skill level 6 in Conjurations
  2311 | D:3      | Noticed Terence
  2350 | D:2      | Lost mutation: You possess an exceptional clarity of mind. [potion of mutation]
  2350 | D:2      | Lost mutation: Your body sometimes deteriorates upon taking damage. [potion of mutation]
  2350 | D:2      | Gained mutation: You are agile. (Dex +2) [potion of mutation]
  2350 | D:2      | Gained mutation: You are resistant to electric shocks. (rElec) [potion of mutation]
  2350 | D:2      | Gained mutation: You are resistant to hostile enchantments. (MR+) [potion of mutation]
  2350 | D:2      | Gained mutation: You are highly resistant to hostile enchantments. (MR++) [potion of mutation]
  2351 | D:2      | Lost mutation: You are agile. (Dex +2) [potion of mutation]
  2351 | D:2      | Lost mutation: You are highly resistant to hostile enchantments. (MR++) [potion of mutation]
  2351 | D:2      | Lost mutation: You are resistant to hostile enchantments. (MR+) [potion of mutation]
  2351 | D:2      | Gained mutation: You are partially covered in molten scales. (AC +2) [potion of mutation]
  2351 | D:2      | Gained mutation: You tend to lose your temper in combat. [potion of mutation]
  2351 | D:2      | Gained mutation: Your muscles are strong. (Str +2) [potion of mutation]
  2353 | D:2      | HP: 1/24 [poisoned by an adder]
  2361 | D:2      | Succumbed to an adder's poison

Skill      XL: |  1  2  3  4 |
---------------+-------------+-----
Conjurations   | 5 6 |  6.1
Spellcasting   | 4 |  4.1
Dodging        | |  2.7
Stealth        | |  2.8

Action                   |  1- 3 |  4- 6 || total
-------------------------+-------+-------++-------
 Cast: Magic Dart        |    50 |    18 ||    68
       Searing Ray       |     8 |     4 ||    12
       Dazzling Spray    |       |     2 ||     2
       Iskenderun's Myst |       |     1 ||     1
  Use: Potion            |     3 |     3 ||     6
       Scroll            |       |     4 ||     4
  Eat: Bread ration      |     1 |       ||     1
Armor: Robe              |     2 |     2 ||     4
Dodge: Dodged            |     7 |     7 ||    14
